 Dungeon Crawl Stone Soup version 0.31-a0-222-gefeffbb62a (webtiles) character file.

Game seed: 14133100477154591315

1178 coffeetime the Ducker (level 8, 0/50 HPs)
             Began as a Djinni Fire Elementalist on July 5, 2023.
             Slain by an orc
             ... wielding a +0 trident
              (4 damage)
             ... on level 5 of the Dungeon.
             The game lasted 00:24:06 (4832 turns).

coffeetime the Ducker (Djinni Fire Elementalist)    Turns: 4832, Time: 00:24:08

Health: 0/50       AC:  9    Str:  7    XL:     8   Next: 69%
Gold:   122        EV: 13    Int: 19    God:
                   SH:  0    Dex: 14

rFire   + + .        k - +2 dagger (venom)
rCold   . . .        (no shield)
rNeg    . . .        s - +3 leather armour
rPois   ∞            (no helmet)
rElec   .            (no cloak)
rCorr   +            j - +2 pair of gloves
SInv    .            (boots unavailable)
Will    .....        (no amulet)
Stlth   ++           m - ring of resist corrosion
HPRegen 0.28/turn    o - ring of protection from cold
MPRegen 0.00/turn

%: infuse magic (-1 HP)
@: flying
A: sickness immunity, fire resistance 2, cold vulnerability 1, float, innate
caster, HP casting, extra vitality 1
a: no special abilities


You were on level 5 of the Dungeon.
You visited 1 branch of the dungeon, and saw 5 of its levels.
You also visited: Ossuary.

You collected 148 gold pieces.
You spent 26 gold pieces at shops.

Inventory:

Hand Weapons
 k - a +2 dagger of venom (weapon)
 q - a +2 heavy war axe
 r - a +2 dagger of holy wrath
 t - a +0 morningstar of holy wrath
Missiles
 n - 10 poisoned darts
Armour
 a - a +0 robe
 f - the +0 robe of Honour {Harm Int+5 Stlth+}
   (You found it on level 3 of the Dungeon)

   Int:       It affects your intelligence (+5).
   Harm:      It increases damage dealt and taken.
   Stlth:     It makes you more stealthy.
 j - a +2 pair of gloves (worn)
 s - a +3 leather armour (worn)
Jewellery
 m - a ring of resist corrosion (left hand)
 o - a ring of protection from cold (right hand)
Scrolls
 c - a scroll of noise {unknown}
 g - a scroll of poison {unknown}
 l - 2 scrolls of vulnerability
 p - a scroll of revelation {unknown}
 x - a scroll of fear {unknown}
 y - a scroll of immolation {unknown}
 z - a scroll of teleportation {unknown}
 A - a scroll of torment {unknown}
 B - a scroll of enchant armour {unknown}
Potions
 b - 4 potions of haste
 d - 6 potions of curing {unknown}
 e - 4 potions of brilliance {unknown}
 h - a potion of experience {unknown}
 i - 2 potions of heal wounds
 u - 2 potions of lignification {unknown}
 v - 2 potions of resistance {unknown}
 w - 2 potions of magic {unknown}
 C - a potion of ambrosia {unknown}
 D - a potion of mutation {unknown}


   Skills:
 + Level 3.6 Armour
 + Level 5.7 Dodging
 - Level 4.0 Stealth
 + Level 5.4 Spellcasting
 + Level 5.4 Conjurations
 + Level 5.4 Hexes
 + Level 5.4 Summonings
 + Level 5.4 Necromancy
 + Level 5.4 Translocations
 + Level 5.4 Transmutations
 + Level 5.4 Fire Magic
 + Level 5.4 Ice Magic
 + Level 5.4 Air Magic
 + Level 5.4 Earth Magic
 + Level 5.4 Poison Magic


You knew the following spells:

 Your Spells              Type           Power      Damage    Failure   Level
a - Foxfire               Conj/Fire      100%       2x1d9     1%          1
b - Scorch                Fire           50%        2d7       2%          2
c - Volatile Blastmotes   Fire/Tloc      50%        2d14      5%          3
d - Inner Flame           Hex/Fire       25%        N/A       5%          3
e - Flame Wave            Conj/Fire      25%        2d8       19%         4
f - Sandblast             Erth           50%        2d12      1%          1
g - Lesser Beckoning      Tloc           50%        N/A       2%          2
h - Wereblood             Tmut           25%        N/A       2%          2
Your spell library was empty.

Dungeon Overview and Level Annotations

Branches:
Dungeon (5/15)            Ossuary (visited)
 Temple: D:4-7

Altars:

Shops:
D:3 (:*?


Innate Abilities, Weirdness & Mutations

You are immune to sickness and miasma.
You are immune to poison.
Your flesh is very heat resistant. (rF++)
You are vulnerable to cold. (rC-)
You float through the air rather than walking.
You learn spells naturally, not from books.
Your magical power is your life essence.
You have superior vitality. (+4 MHP)


Message History

The orc attacks as you move away! The orc hits you but does no damage.
The orc attacks as you move away! The orc hits you but does no damage.
The orc attacks as you move away! The orc barely misses you.
The orc attacks as you move away! The orc hits you with a +0 dagger.
You closely miss the orc. The orc hits you but does no damage.
You closely miss the orc. The orc hits you but does no damage.
You hit the orc.
The orc is poisoned.
The orc is severely wounded.
The orc hits you with a +0 dagger.
You hit the orc but do no damage.
The orc looks as sick as possible!
The orc is heavily wounded.
You kill the orc!
You hit the orc.
The orc is poisoned.
The orc is lightly wounded.
The orc hits you but does no damage.
You hit the orc but do no damage.
The orc looks as sick as possible!
The orc is moderately wounded.
The orc hits you but does no damage. The orc closely misses you.
You hit the orc.
The orc looks as sick as possible!
The orc is heavily wounded.
You kill the orc!
The orc priest invokes the aid of Beogh against you.
Pain shoots through your body! The orc misses you.
You closely miss the orc priest.
The orc priest mumbles some strange prayers to Beogh against you.
Beogh smites you! The orc barely misses you.
You hit the orc priest.
The orc priest is poisoned.
The orc priest is lightly wounded.
The orc priest calls down the wrath of Beogh upon you.
Beogh smites you!
The orc hits you from afar with a +0 trident.
* * * LOW HITPOINT WARNING * * *
You hit the orc priest.
The orc priest looks as sick as possible!
The orc priest is heavily wounded.
The orc priest invokes the aid of Beogh against you.
Beogh smites you!
* * * LOW HITPOINT WARNING * * *
The orc hits you from afar with a +0 trident.
You die...

#......... ##.##
#.##....#. #.# #.#
.#### #. #.# # #.#
###.## # #.###
.....#.#### #...
###........
######.###.###
##.##.####
#oo)@o.......
#...#.#
#.####.###.###
##..#.# #.# ##....
.. ##.#.# #.#
#...##.### #.#.#
#o# #....>....
#.#.#
#o###...##.###
#.#.######.##o#)##
#.#........#.#..#
#...........###o##


You could see an orc priest (extremely poisoned) and 2 orcs.

Vanquished Creatures
  Prince Ribbit (D:5)
  Duvessa (D:4)
  An ice beast (D:5)
  2 elf zombies (Ossuary)
  Dowan (D:4)
  2 centaur zombies (Ossuary)
  2 human zombies (Ossuary)
  An orc priest (D:4)
  A hound (D:4)
  Jessica (D:3)
  2 iguanas
  2 orc wizards
  Natasha (thrice) (D:3)
  3 mummies
  6 adders
  An adder zombie (Ossuary)
  2 worms
  3 dart slugs
  10 orcs
  7 ball pythons
  10 bats
  7 endoplasms
  3 giant cockroaches
  12 goblins
  7 hobgoblins
  7 jackals
  A quokka (D:1)
  2 frilled lizards
  A goblin zombie (Ossuary)
  7 hobgoblin zombies (Ossuary)
  A jackal zombie (Ossuary)
  3 kobolds
  12 kobold zombies (Ossuary)
  7 orc zombies (Ossuary)
  8 rats
  A rat zombie (Ossuary)
141 creatures vanquished.

Vanquished Creatures (others)
  An orc wizard (D:4)
  563 foxfires
564 creatures vanquished.

Grand Total: 705 creatures vanquished

Notes
Turn   | Place    | Note
-------+----------+-------------------------------------------
     0 | D:1      | coffeetime the Djinni Fire Elementalist began the quest for
                  | the Orb.
     0 | D:1      | coffeetime set off with the following spells memorised:
                  | Foxfire, Scorch, Volatile Blastmotes, Inner Flame, Flame
                  | Wave.
     0 | D:1      | Reached XP level 1. HP: 15/15 MP: 0/0
   252 | D:1      | Reached XP level 2. HP: 18/21 MP: 0/0
   558 | D:1      | Reached XP level 3. HP: 23/25 MP: 0/0
   558 | D:1      | Learned a level 1 spell: Sandblast
  1313 | D:2      | Reached XP level 4. HP: 28/31 MP: 0/0
  2052 | D:3      | Noticed Jessica
  2058 | D:3      | Killed Jessica
  2059 | D:3      | Reached XP level 5. HP: 30/35 MP: 0/0
  2059 | D:3      | Learned a level 2 spell: Lesser Beckoning
  2092 | D:3      | Found Tevvin's Book Shoppe.
  2118 | D:3      | Found Yceotadghe's General Store.
  2226 | D:3      | Found Wizah's Magic Scroll Boutique.
  2230 | D:3      | Bought a scroll of identify for 26 gold pieces
  2240 | D:3      | Noticed Natasha
  2680 | D:3      | Identified the +0 robe of Honour {Harm Int+5 Stlth+}
  2745 | D:3      | Found Pennio's Antique Weapon Shoppe.
  2775 | D:3      | Killed Natasha
  2879 | D:3      | Noticed Natasha
  2898 | D:3      | Killed Natasha
  2899 | D:3      | Reached XP level 6. HP: 25/40 MP: 0/0
  3264 | D:3      | Noticed Natasha
  3268 | D:3      | Killed Natasha
  3318 | D:4      | Reached skill level 1 in Armour
  3391 | D:4      | Noticed Duvessa
  3393 | D:4      | Noticed Dowan
  3417 | D:4      | Killed Duvessa
  3418 | D:4      | Reached XP level 7. HP: 38/45 MP: 0/0
  3418 | D:4      | Learned a level 2 spell: Wereblood
  3431 | D:4      | Killed Dowan
  3456 | D:4      | Found a sand-covered staircase.
  3465 | Ossuary  | Entered an ossuary
  3784 | Ossuary  | Reached XP level 8. HP: 15/50 MP: 0/0
  4101 | D:4      | Reached skill level 5 in Dodging
  4397 | D:5      | Entered Level 5 of the Dungeon
  4461 | D:5      | Reached skill level 5 in Spellcasting
  4461 | D:5      | Reached skill level 5 in Conjurations
  4461 | D:5      | Reached skill level 5 in Hexes
  4461 | D:5      | Reached skill level 5 in Summonings
  4461 | D:5      | Reached skill level 5 in Necromancy
  4461 | D:5      | Reached skill level 5 in Translocations
  4461 | D:5      | Reached skill level 5 in Transmutations
  4461 | D:5      | Reached skill level 5 in Fire Magic
  4461 | D:5      | Reached skill level 5 in Ice Magic
  4461 | D:5      | Reached skill level 5 in Air Magic
  4461 | D:5      | Reached skill level 5 in Earth Magic
  4461 | D:5      | Reached skill level 5 in Poison Magic
  4525 | D:5      | Noticed Prince Ribbit
  4531 | D:5      | HP: 2/50 [Prince Ribbit (14)]
  4537 | D:5      | Killed Prince Ribbit
  4832 | D:5      | Slain by an orc

Illustrated notes

Levels and vault maps discovered:
D:1:      dpeg_arrival_simpleton_c, layout_loops_ring
D:2:      layout_basic, minmay_domino_4
D:3:      layout_basic, serial_shops, nicolae_shop_statue_plus,
          nicolae_shop_back_alley_shop, shop, nicolae_book_shop_shelving,
          dk_noncrumbling_3, minmay_ruptured, uniq_natasha, uniq_jessica
D:4:      layout_cave_pools, mainiacjoe_overflow_alcove_4,
          mainiacjoe_overflow_alcove_2, nicolae_ossuary_entry_giza,
          serial_bayou_crossing, uniq_duvessa
D:5:      layout_loops_ring, uniq_prince_ribbit1, uniq_pikel

Skill      XL: |  1  2  3  4  5  6  7  8 |
---------------+-------------------------+-----
Spellcasting   | 4 5 |  5.4
Conjurations   | 4 5 |  5.4
Hexes          | 4 5 |  5.4
Summonings     | 4 5 |  5.4
Necromancy     | 4 5 |  5.4
Translocations | 4 5 |  5.4
Transmutations | 4 5 |  5.4
Fire Magic     | 4 5 |  5.4
Ice Magic      | 4 5 |  5.4
Air Magic      | 4 5 |  5.4
Earth Magic    | 4 5 |  5.4
Poison Magic   | 4 5 |  5.4
Stealth        | 2 3 4 |  4.0
Dodging        | 3 4 5 |  5.7
Armour         | 2 3 |  3.6

Action                     |  1- 3 |  4- 6 |  7- 9 || total
---------------------------+-------+-------+-------++-------
  Melee: Dagger            |     7 |    50 |    28 ||    85
         Club              |     7 |       |       ||     7
   Cast: Foxfire           |   106 |   105 |   123 ||   334
         Scorch            |     4 |    10 |    19 ||    33
         Volatile Blastmot |       |       |     2 ||     2
    Use: Scroll            |       |     3 |       ||     3
         Potion            |       |       |     3 ||     3
   Stab: Sleeping          |     1 |     4 |     1 ||     6
 Armour: Robe              |     4 |     5 |       ||     9
         Leather armour    |       |    18 |    30 ||    48
  Dodge: Dodged            |    20 |    36 |    45 ||   101

Table legend: (Time is in decaauts)
 A = Elapsed time spent in this place.
 B = Non-inter-level travel time spent in this place.
 C = Inter-level travel time spent in this place.
 D = Time resting spent in this place.
 E = Time spent auto-exploring this place.
 F = Levels seen in this place.
 G = Mean time per level.
                   A        B        C        D        E       F      G
               +--------+--------+--------+--------+--------+-----+--------+
         Total |   4812 |   4459 |    353 |    897 |   1974 |   6 |  802.0 |
       Dungeon |   4249 |   3896 |    353 |    657 |   1974 |   5 |  849.8 |
       Ossuary |    563 |    563 |      0 |    240 |      0 |   1 |  563.0 |
               +--------+--------+--------+--------+--------+-----+--------+

Top non-repeatable levels by time:
     D:3: 1349 daAuts
     D:1: 1260 daAuts
     D:2: 768 daAuts
 Ossuary: 563 daAuts
     D:4: 445 daAuts
     D:5: 424 daAuts
